 Dungeon Crawl Stone Soup version 0.30-a0-629-gd54f4be4f7 (webtiles) character file.

Game seed: 10964668034252322605

96684 voltaire321 the Nimble (level 15, -5/93 HPs)
             Began as a Deep Elf Ice Elementalist on Jan 12, 2023.
             Was a High Priest of Sif Muna.
             Killed from afar by Jorgrun (70 damage)
             ... with an iron shot
             ... on level 15 of the Dungeon on Jan 13, 2023.
             The game lasted 02:23:48 (29565 turns).

voltaire321 the Nimble (Deep Elf Ice Elementalist) Turns: 29565, Time: 02:23:48

Health: -5/93      AC: 22    Str:  7    XL:     15   Next: 69%
Magic:  21/34      EV: 19    Int: 35    God:    Sif Muna [*****.]
Gold:   1587       SH:  0    Dex: 15    Spells: 1/40 levels left

rFire   + . .      SeeInvis .    k - +9 whip (elec)
rCold   + . .      Faith    .    (no shield)
rNeg    . . .      Spirit   .    L - +3 leather armour {rC+}
rPois   .          Reflect  .    N - +0 hat {Int+3}
rElec   .          Harm     .    w - +2 cloak
rCorr   .          Rampage  .    s - +0 pair of gloves
Will    ++...                    o - +1 pair of boots {Fly}
Stlth   ++                       K - amulet "Besebbeg" {RegenMP Int+6}
HPRegen 0.35/turn                h - ring of willpower
MPRegen 0.64/turn                U - ring of protection from fire

@: ice-armoured, freezing walls, flying
A: no striking features
a: Renounce Religion, Channel Magic, Forget Spell, Divine Exegesis


You were on level 15 of the Dungeon.
You worshipped Sif Muna.
Sif Muna was extremely pleased with you.
You visited 4 branches of the dungeon, and saw 23 of its levels.
You also visited: Gauntlet.

You collected 2577 gold pieces.
You spent 990 gold pieces at shops.

Inventory:

Hand Weapons
 k - a +9 whip of electrocution (weapon)
 l - the +6 hammer "Xaliar" {freeze, Int+4}
   (You found it on level 5 of the Dungeon)

   Int:       It affects your intelligence (+4).
 G - the +5 dagger of Slime {venom, Dex+2}
   (You found it on level 9 of the Dungeon)

   Dex:       It affects your dexterity (+2).
Missiles
 t - 53 poisoned darts (quivered)
 J - 2 curare-tipped darts
Armour
 o - a +1 pair of boots of flying (worn)
 s - a +0 pair of gloves (worn)
 w - a +2 cloak (worn)
 B - +0 steam dragon scales
 C - a +0 robe of resistance
 L - a +3 leather armour of cold resistance (worn)
 M - a scarf of repulsion
 N - a +0 hat of intelligence (worn)
Jewellery
 d - a ring of poison resistance
 h - a ring of willpower (left hand)
 i - a ring of positive energy
 v - a +4 ring of protection
 A - a ring of protection from cold
 K - the amulet "Besebbeg" (around neck) {RegenMP Int+6}
   (You bought it in a shop on level 2 of the Dungeon)

   [amulet of magic regeneration]

   It increases your rate of magic regeneration.
   Int:       It affects your intelligence (+6).
 U - a ring of protection from fire (right hand)
Wands
 r - a wand of flame (6)
 y - a wand of iceblast (30)
 z - a wand of mindburst (8)
 F - a wand of paralysis (26)
 O - a wand of polymorph (11)
 R - a wand of digging (10)
Scrolls
 a - a scroll of noise
 c - 5 scrolls of teleportation
 f - 2 scrolls of fear
 p - a scroll of silence
 D - a scroll of magic mapping
 H - 2 scrolls of amnesia
 P - 3 scrolls of identify
 T - 2 scrolls of enchant weapon
Potions
 b - 4 potions of magic
 e - 4 potions of flight
 g - 2 potions of curing
 j - 3 potions of berserk rage
 m - 4 potions of ambrosia
 n - 6 potions of brilliance
 q - a potion of haste
 u - 2 potions of resistance
 x - 2 potions of mutation
 E - 4 potions of might
 I - 2 potions of cancellation
 Q - 2 potions of lignification
 S - 2 potions of heal wounds


   Skills:
 + Level 10.6 Fighting
 - Level 5.0 Armour
 + Level 14.9 Dodging
 - Level 3.0 Stealth
 + Level 13.1 Spellcasting
 + Level 13.5 Summonings
 + Level 12.1 Ice Magic
 - Level 8.0 Poison Magic
 - Level 10.0 Invocations


You had one spell level left.
You knew the following spells:

 Your Spells              Type           Power      Damage    Failure   Level
a - Hailstorm             Conj/Ice       60%        3d13      1%          3
b - Frozen Ramparts       Ice            100%       1d16      1%          3
c - Ozocubu's Armour      Ice            82%        N/A       1%          3
d - Summon Ice Beast      Ice/Summ       85%        N/A       1%          4
e - Olgreb's Toxic Radia  Pois           68%        N/A       1%          4
f - Summon Cactus Giant   Summ           43%        N/A       1%          6
g - Summon Hydra          Summ           43%        N/A       9%          7
h - Ensorcelled Hibernat  Hex/Ice        100%       N/A       1%          2
i - Monstrous Menagerie   Summ           43%        N/A       9%          7

Your spell library contained the following spells:

 Spells                   Type           Power      Damage    Failure   Level
 Freeze                   Ice            100%       1d10      1%          1
 Sting                    Tmut/Pois      100%       1d8       1%          1
 Apportation              Tloc           44%        N/A       2%          1
 Foxfire                  Conj/Fire      88%        2x1d8     2%          1
 Kiss of Death            Conj/Necr      88%        2d12      2%          1
 Slow                     Hex            88%        N/A       2%          1
 Call Imp                 Summ           87%        N/A       0%          2
 Cigotuvi's Dreadful Rot  Necr/Pois/Air  82%        N/A       1%          2
 Poisonous Vapours        Pois/Air       100%       N/A       1%          2
 Call Canine Familiar     Summ           87%        N/A       1%          3
 Spider Form              Tmut/Pois      50%        N/A       1%          3
 Summon Guardian Golem    Hex/Summ       63%        N/A       1%          3
 Ice Form                 Ice/Tmut       60%        N/A       1%          4
 Mephitic Cloud           Conj/Pois/Air  41%        N/A       2%          3
 Passwall                 Tmut/Erth      18%        N/A       3%          2
 Scorch                   Fire           44%        2d7       3%          2
 Static Discharge         Conj/Air       44%        2-4/arc   3%          2
 Metabolic Englaciation   Hex/Ice        30%        N/A       6%          5
 Confusing Touch          Hex            22%        N/A       8%          3
 Gell's Gravitas          Tloc           22%        N/A       8%          3
 Inner Flame              Hex/Fire       22%        N/A       8%          3
 Lesser Beckoning         Tloc           44%        N/A       8%          3
 Portal Projectile        Hex/Tloc       44%        N/A       8%          3
 Swiftness                Air            22%        N/A       8%          3
 Teleport Other           Tloc           22%        N/A       8%          3
 Tukima's Dance           Hex            22%        N/A       8%          3
 Vampiric Draining        Necr           22%        2d7       8%          3
 Alistair's Intoxication  Tmut/Pois      33%        N/A       14%         5
 Freezing Cloud           Conj/Ice/Air   25%        6-21      14%         5
 Anguish                  Hex/Necr       11%        N/A       26%         4
 Cause Fear               Hex            11%        N/A       26%         4
 Dispel Undead            Necr           22%        3d12      26%         4
 Flame Wave               Conj/Fire      22%        2d8       26%         4
 Petrify                  Tmut/Erth      22%        N/A       26%         4
 Sticky Flame             Conj/Fire      22%        2d4       26%         4
 Simulacrum               Ice/Necr       30%        N/A       32%         6
 Summon Horrible Things   Summ           43%        N/A       54%         8
 Blade Hands              Tmut           11%        N/A       56%         5
 Fireball                 Conj/Fire      11%        3d7       56%         5
 Irradiate                Conj/Tmut      11%        3d15      56%         5
 Silence                  Hex/Air        11%        N/A       56%         5
 Yara's Violent Unravell  Hex/Tmut       11%        3d6       56%         5
 Dispersal                Tloc           11%        N/A       98%         6
 Starburst                Conj/Fire      11%        6d5       98%         6
 Statue Form              Tmut/Erth      14%        N/A       98%         6
 Dragon Form              Tmut           11%        N/A       100%        7
 Dragon's Call            Summ           43%        N/A       100%        9
 Polar Vortex             Ice            41%        N/A       100%        9


Dungeon Overview and Level Annotations

Branches:
Dungeon (15/15)            Temple (1/1) D:4            Lair (5/5) D:9
 Shoals (0/4) Lair:3       Spider (0/4) Lair:2        Slime (0/5) Lair:5
    Orc (2/2) D:11            Elf (0/3) Orc:2        Vaults (0/5) D:13
 Depths (0/4) D:15        Gauntlet (visited)

Altars:
Ashenzari
Cheibriados
Dithmenos
Elyvilon
Fedhas
Gozag
Hepliaklqana
Kikubaaqudgha
Makhleb
Nemelex Xobeh
Okawaru
Qazlal
Ru
Sif Muna
Trog
Uskayaw
Vehumet
Wu Jian
Xom
Yredelemnul
Zin
The Shining One
Jiyva

Shops:
D:2 *?=*!   D:9 [   Orc:2 ?([!

Annotations:
D:15 3 transporters, Jorgrun
Lair:3 1 runed translucent door, themarg's ghost, journeyman GnTm


Message History

You kill the fire giant!
Sif Muna accepts your kill.
The frozen ramparts melt away as you move.
Things that are here:
a +2 great sword of flaming; a fire giant corpse You start resting.
Magic restored.
You start resting.
HP restored.
E - 4 potions of might (gained 1) Jorgrun Earthshaker comes into view.
He is wielding a +0 heavy quarterstaff.
Jorgrun shouts!
Jorgrun casts a spell at the translucent rock wall.
Some rock shatters into small pieces.
Jorgrun casts a spell at the translucent rock wall.
Some rock shatters into small pieces.
You hear a grinding noise.
You hear a grinding noise.
Casting: Ozocubu's Armour (safe; 1% risk of failure)
Confirm with . or Enter, or press ? or * to list all spells.
Casting: Frozen Ramparts (safe; 1% risk of failure)
Press: ? - help, Dir - look around, f - activate The walls around you are covered in ice.
The wall freezes Jorgrun!
Jorgrun says, "Tha earth be me home, an' ye be trespassing!"
Casting: Frozen Ramparts (safe; 1% risk of failure)
Confirm with . or Enter, or press ? or * to list all spells.
A film of ice covers your body!
The wall freezes Jorgrun!
Jorgrun casts a spell at you. The iron shot hits you!!
Casting: Ozocubu's Armour (safe; 1% risk of failure)
Confirm with . or Enter, or press ? or * to list all spells.
The wall freezes Jorgrun but does no damage.
Casting: Summon Cactus Giant (dangerous; 1% risk of failure)
Confirm with . or Enter, or press ? or * to list all spells.
A chill wind blows around you.
The wall freezes Jorgrun.
Jorgrun casts a spell at you. The iron shot hits you!!!
Ouch! That really hurt!
You die...

******* *#####*,,,**
##...###.,,** ##....###.,,**
#####.........,,,*
#############.........#...*,,,
#............C.#..#.#....#**,,
#............@g....##....#**,,
#..########...##..####...#**,,
#.............Y...########****
#................##,,,,,,,,,,,
#...............##,,,,,,,,,,,,
#.#########...#..#**********,,
#.# #........,,** *,, #.#
*#..≈≈≈≈≈≈≈,,** *,,
#.########....≈≈#§≈..,,*****,,


You could see Jorgrun (ally target), a friendly cactus giant (summoned) and a
friendly ice beast (summoned).

Vanquished Creatures
  Gastronok (D:11)
  Agnes (D:15)
  A fire giant (D:15)
  Nessos (Lair:4)
  A minotaur (Gauntlet)
  2 hydras
  A vault guard (D:13)
  Erica (Orc:1)
  5 centaur warriors
  2 catoblepae
  An ogre mage (D:15)
  6 two-headed ogres
  2 boulder beetles
  A tengu warrior (D:14)
  3 death yaks (Lair:4)
  Sonja (Orc:2)
  5 orc high priests (Orc:2)
  An orb spider (Lair:2)
  2 wizards
  A necromancer (D:13)
  3 lindwurms (Lair:5)
  5 orc knights (Orc:2)
  2 deep elf pyromancers
  3 ugly things (D:15)
  4 manticores
  A torpor snail (shapeshifter) (D:13)
  2 black mambas
  10 elephants
  A gargoyle (D:10)
  15 cane toads
  2 rime drakes (Lair:1)
  A kobold demonologist (D:13)
  7 komodo dragons
  A yaktaur (D:13)
  A tengu conjurer (D:14)
  A polar bear (Lair:3)
  A meliai (D:14)
  2 trolls (Orc:2)
  A nameless horror (Orc:2)
  3 tyrant leeches (Lair:5)
  25 blink frogs
  5 dream sheep (Lair:4)
  A snapping turtle (Lair:3)
  Sigmund (D:5)
  4 slime creatures (D:12)
  8 flying skulls (Gauntlet)
  7 wyverns
  2 shadows
  A vampire (D:10)
  2 wraiths
  33 yaks
  A yak (shapeshifter) (D:12)
  2 steam dragons (D:7)
  15 humans (D:13)
  Eustachio (D:5)
  6 basilisks
  9 vampire mosquitoes
  A warg (Orc:2)
  4 acid dragons
  17 water moccasins
  An ice beast (D:6)
  3 black bears
  24 orc warriors
  4 centaurs
  13 wolves
  6 ogres
  2 phantoms
  2 kobold brigands
  15 bullfrogs
  5 scorpions
  9 wights
  14 killer bees
  3 electric eels
  5 howler monkeys
  4 jellies
  22 orc priests
  7 hounds
  Crazy Yiuf (D:5)
  2 iguanas
  14 orc wizards
  A boggart simulacrum (D:15)
  Robin (D:2)
  4 gnolls
  13 adders
  2 shadow imps
  2 ufetubi
  A worm (D:3)
  4 dart slugs
  77 orcs
  4 bats
  7 endoplasms
  A giant cockroach (D:3)
  19 goblins
  14 hobgoblins
  17 kobolds
  3 quokkas
  9 ball pythons
  3 frilled lizards
  5 rats
  A butterfly (Lair:4)
594 creatures vanquished.

Vanquished Creatures (collateral kills)
  Josephine (D:15)
  A catoblepas (D:14)
  A hydra (Lair:5)
  A boulder beetle (D:14)
  3 two-headed ogres
  2 death yaks (Lair:4)
  An orc high priest (Orc:2)
  A goliath frog (Lair:5)
  2 orc knights
  A lindwurm (Lair:5)
  A deep elf pyromancer (D:14)
  An orc sorcerer (Orc:2)
  4 ugly things
  2 cyclopes
  A manticore (D:14)
  A black mamba (Lair:4)
  5 elephants
  2 cane toads
  A rime drake (Lair:2)
  2 meliai (D:14)
  A dream sheep (Lair:4)
  6 blink frogs
  9 slime creatures
  5 wraiths (D:15)
  6 shadows (Gauntlet)
  4 humans (D:13)
  5 yaks
  3 vampire mosquitoes (Lair:5)
  An acid dragon (D:9)
  2 water moccasins
  7 orc warriors
  A black bear (Lair:4)
  A wolf (Lair:2)
  An ogre (Orc:1)
  2 bullfrogs
  2 wights (D:8)
  6 killer bees
  A lava snake (D:9)
  6 orc priests
  A jelly (Lair:5)
  4 orcs
  A butterfly (Lair:4)
109 creatures vanquished.

Vanquished Creatures (others)
  An orc (Orc:1)
  27 fungi
  88 plants
  14 withered plants (Gauntlet)
130 creatures vanquished.

Grand Total: 833 creatures vanquished

Notes
Turn   | Place    | Note
-------+----------+-------------------------------------------
     0 | D:1      | voltaire321 the Deep Elf Ice Elementalist began the quest
                  | for the Orb.
     0 | D:1      | Reached XP level 1. HP: 10/10 MP: 6/6
   471 | D:1      | Reached XP level 2. HP: 11/15 MP: 6/8
   642 | D:1      | Found a faded altar of an unknown god.
  1189 | D:2      | Found Nosokk's Jewellery Shop.
  1191 | D:2      | Reached skill level 1 in Summonings
  1261 | D:2      | Found Ydeis's Magic Scroll Shoppe.
  1268 | D:2      | Bought a scroll of identify for 24 gold pieces
  1301 | D:2      | Found Linuch's Assorted Antiques.
  1313 | D:2      | Reached XP level 3. HP: 20/20 MP: 9/9
  1339 | D:2      | Learned a level 3 spell: Frozen Ramparts
  1343 | D:2      | Learned a level 3 spell: Ozocubu's Armour
  1698 | D:2      | Found Vaehoxue's Assorted Antiques.
  1801 | D:2      | Reached skill level 3 in Dodging
  1810 | D:2      | Found Vuerhebbe's Distillery.
  1814 | D:2      | Bought a potion of curing for 30 gold pieces
  1814 | D:2      | Bought a potion of heal wounds for 50 gold pieces
  2060 | D:2      | Noticed Robin
  2066 | D:2      | Reached skill level 1 in Fighting
  2071 | D:2      | Killed Robin
  2072 | D:2      | Reached XP level 4. HP: 24/25 MP: 3/11
  2549 | D:3      | Reached skill level 5 in Ice Magic
  2549 | D:3      | Reached XP level 5. HP: 29/29 MP: 10/12
  2960 | D:4      | Noticed an ogre
  3035 | D:4      | Reached XP level 6. HP: 12/35 MP: 8/14
  3197 | D:4      | Reached skill level 4 in Dodging
  3369 | D:4      | Found a staircase to the Ecumenical Temple.
  3379 | Temple   | Entered the Ecumenical Temple
  3544 | Temple   | Became a worshipper of Sif Muna the Loreminder
  3686 | D:4      | Found a shadowy altar of Dithmenos.
  3718 | D:4      | Learned a level 4 spell: Summon Ice Beast
  3856 | D:4      | Found a burning altar of Makhleb.
  3872 | D:4      | Reached skill level 1 in Armour
  3872 | D:4      | Reached XP level 7. HP: 35/40 MP: 11/16
  3925 | D:4      | Reached skill level 5 in Spellcasting
  4076 | D:4      | Reached skill level 1 in Invocations
  4227 | D:4      | Got Kuvyemuaz's Handbook of Astrapomancy
  4313 | D:5      | Entered Level 5 of the Dungeon
  4614 | D:5      | Reached * piety under Sif Muna
  4723 | D:5      | Noticed Sigmund
  4734 | D:5      | Killed Sigmund
  4735 | D:5      | Reached skill level 5 in Dodging
  4735 | D:5      | Reached XP level 8. HP: 37/45 MP: 14/18
  4979 | D:5      | Noticed Eustachio
  4993 | D:5      | Killed Eustachio
  5132 | D:5      | Identified the +1 ring mail of Gonkyen {rN+ Will++}
  5348 | D:5      | Found a runed translucent door.
  5349 | D:5      | Noticed Crazy Yiuf
  5357 | D:5      | Killed Crazy Yiuf
  5368 | D:5      | Identified the +6 hammer "Xaliar" {freeze, Int+4}
  6355 | D:7      | Reached skill level 6 in Dodging
  6355 | D:7      | Reached skill level 5 in Summonings
  6369 | D:7      | Found a glowing golden altar of the Shining One.
  6436 | D:7      | Reached XP level 9. HP: 43/51 MP: 9/21
  6436 | D:7      | Reached ** piety under Sif Muna
  7098 | D:7      | Learned a level 4 spell: Olgreb's Toxic Radiance
  7205 | D:8      | Noticed a two-headed ogre
  7219 | D:8      | Reached skill level 1 in Poison Magic
  7221 | D:8      | Reached skill level 7 in Dodging
  7229 | D:8      | Killed a two-headed ogre
  7230 | D:8      | Reached skill level 5 in Invocations
  7230 | D:8      | Reached XP level 10. HP: 41/58 MP: 5/24
  7492 | D:8      | Reached *** piety under Sif Muna
  8127 | D:8      | Found a stormy altar of Qazlal.
  8128 | D:8      | Found an opulent altar of Gozag.
  8196 | D:9      | Noticed a two-headed ogre
  8213 | D:9      | Killed a two-headed ogre
  8214 | D:9      | Reached skill level 5 in Fighting
  8355 | D:9      | Found Lonwijih's Armour Shop.
  8376 | D:9      | Identified the +5 dagger of Slime {venom, Dex+2}
  8413 | D:9      | Reached skill level 8 in Dodging
  8539 | D:9      | Found a staircase to the Lair.
  8825 | D:10     | Entered Level 10 of the Dungeon
  8967 | D:10     | Reached XP level 11. HP: 42/64 MP: 19/26
  9158 | D:10     | Noticed a two-headed ogre
  9178 | D:10     | Killed a two-headed ogre
  9734 | D:10     | Noticed a two-headed ogre
  9743 | D:10     | Killed a two-headed ogre
 10053 | Lair:1   | Entered Level 1 of the Lair of Beasts
 10342 | Lair:2   | Reached skill level 9 in Dodging
 10426 | Lair:2   | Reached skill level 5 in Poison Magic
 10432 | Lair:2   | Reached skill level 10 in Spellcasting
 10514 | Lair:2   | Learned a level 6 spell: Summon Cactus Giant
 10523 | Lair:2   | Reached **** piety under Sif Muna
 10705 | Lair:2   | You are sucked into a shaft and drop 2 floors!
 10705 | Lair:4   | Noticed a boulder beetle
 10922 | Lair:4   | Noticed a death yak
 11013 | Lair:3   | Noticed a catoblepas
 11040 | Lair:3   | Killed a catoblepas
 12070 | Lair:1   | Reached skill level 10 in Dodging
 12072 | Lair:1   | Reached XP level 12. HP: 59/71 MP: 15/28
 13350 | Lair:2   | Found a hole to the Spider Nest.
 14288 | Lair:3   | Found a staircase to the Shoals.
 14583 | Lair:3   | Noticed themarg's ghost (journeyman GnTm)
 14584 | Lair:3   | Found a runed translucent door.
 14968 | Lair:3   | Reached skill level 11 in Dodging
 15178 | Lair:4   | Killed a boulder beetle
 15221 | Lair:4   | Reached skill level 10 in Summonings
 15682 | Lair:4   | Reached XP level 13. HP: 78/78 MP: 15/29
 16576 | Lair:4   | Noticed Nessos
 16591 | Lair:4   | Killed Nessos
 16592 | Lair:4   | Reached skill level 10 in Invocations
 17224 | Lair:4   | Reached skill level 12 in Dodging
 17452 | Lair:5   | Entered Level 5 of the Lair of Beasts
 17465 | Lair:5   | Reached ***** piety under Sif Muna
 17622 | Lair:5   | Received a gift from Sif Muna
 17627 | Lair:5   | Got Sif Muna's Compilation of Called Relocation {god gift}
 17688 | Lair:5   | Found a gate leading to a gauntlet.
 17697 | Gauntlet | Entered a Gauntlet
 17697 | Gauntlet | Found a transporter.
 17698 | Gauntlet | Found a runed translucent door.
 17744 | Gauntlet | Found a transporter.
 17745 | Gauntlet | Found a transporter.
 17746 | Gauntlet | Found a transporter.
 17749 | Gauntlet | Found a transporter.
 17750 | Gauntlet | Found a transporter.
 17752 | Gauntlet | Found a runed translucent door.
 17756 | Gauntlet | Noticed a dire elephant
 17759 | Gauntlet | Found a transporter.
 17759 | Gauntlet | Found a transporter.
 17830 | Gauntlet | Found a transporter.
 17847 | Gauntlet | Found a transporter.
 17851 | Gauntlet | Found a transporter.
 17859 | Gauntlet | Found a transporter.
 18032 | Gauntlet | Identified the +2 hat of Eniesi {Str+6}
 18261 | Gauntlet | Noticed a minotaur
 18270 | Gauntlet | Killed a minotaur
 18271 | Gauntlet | Reached skill level 13 in Dodging
 18298 | Lair:5   | Reached XP level 14. HP: 86/86 MP: 4/30
 18464 | Lair:5   | Reached skill level 10 in Ice Magic
 18606 | Lair:5   | Identified the +1 robe "Nolannex" {+Blink rF+ Str-4}
 18839 | Lair:5   | Found a viscous altar of Jiyva.
 18864 | Lair:5   | Found a staircase to the Slime Pits.
 20510 | D:2      | Bought the amulet "Besebbeg" {RegenMP Int+6} for 694 gold
                  | pieces
 20547 | D:2      | Bought a silken robe for 153 gold pieces
 20547 | D:2      | Identified the +0 robe of Omission {Drain rN++ rCorr SInv}
                  | (You bought it in a shop on level 2 of the Dungeon)
 20755 | D:11     | Noticed Gastronok
 20764 | D:11     | Killed Gastronok
 20993 | D:11     | Found a staircase to the Orcish Mines.
 21337 | Orc:1    | Entered Level 1 of the Orcish Mines
 21340 | Orc:1    | Received a gift from Sif Muna
 21369 | Orc:1    | Got Yntoti's Guide on Captivating Permutations {god gift}
 21378 | Orc:1    | Learned a level 7 spell: Summon Hydra
 21572 | Orc:2    | Entered Level 2 of the Orcish Mines
 21711 | Orc:2    | Found a staircase to the Elven Halls.
 21816 | Orc:2    | Noticed Sonja
 21828 | Orc:2    | Killed Sonja
 22071 | Orc:1    | Noticed Erica
 22080 | Orc:1    | Killed Erica
 23016 | Orc:2    | Reached skill level 14 in Dodging
 23597 | Orc:2    | Found Hif Ashul's Distillery.
 23597 | Orc:2    | Found Ziym's Magic Scroll Boutique.
 23598 | Orc:2    | Found Tonnihad's Antique Armour Boutique.
 23598 | Orc:2    | Found Qakhleudo's Weapon Shop.
 23605 | Orc:2    | Bought a scroll of teleportation for 39 gold pieces
 24480 | D:12     | Reached skill level 10 in Fighting
 24637 | D:12     | Received a gift from Sif Muna
 25343 | D:13     | Reached XP level 15. HP: 63/92 MP: 26/33
 25973 | D:13     | Learned a level 2 spell: Ensorcelled Hibernation
 26006 | D:13     | Found a gate to the Vaults.
 27065 | D:14     | You are sucked into a shaft and drop 1 floor!
 27065 | D:15     | Entered Level 15 of the Dungeon
 27065 | D:15     | Found a transporter.
 27072 | D:15     | Found a transporter.
 27074 | D:15     | Found a transporter.
 27077 | D:15     | Found a transporter.
 27985 | D:14     | Received a gift from Sif Muna
 27988 | D:14     | Got Qocyttoepp's Incunabulum of Oozing Pus {god gift}
 28053 | D:14     | Learned a level 7 spell: Monstrous Menagerie
 28682 | D:15     | Noticed Agnes
 28697 | D:15     | Killed Agnes
 29015 | D:15     | Noticed Josephine
 29031 | D:15     | Killed Josephine
 29092 | D:15     | Reached skill level 5 in Armour
 29253 | D:15     | Learned a level 3 spell: Hailstorm
 29389 | D:15     | Found a staircase to the Depths.
 29390 | D:15     | Noticed a fire giant
 29409 | D:15     | Killed a fire giant
 29549 | D:15     | Noticed Jorgrun
 29565 | D:15     | Killed from afar by Jorgrun

Illustrated notes

Levels and vault maps discovered:
D:1:      heliophobic_arrival_glass_houses, layout_basic,
          shapermc_ecumenical_altar_totnotflames
D:2:      layout_basic, serial_rivers, chequers_serial_rivers_small_b,
          chequers_serial_rivers_small_b, chequers_serial_rivers_large_b,
          chequers_serial_rivers_micro_e, chequers_serial_rivers_micro_a,
          chequers_serial_rivers_marsh, serial_shops, shop, shop, shop,
          nicolae_shop_waterfront, shop, grunt_decor_mini_mirrors, uniq_robin
D:3:      layout_rooms, hangedman_abyss_or_decor_lesser_grid,
          kennysheep_generic_room_6
D:4:      layout_cave_pods, mainiacjoe_overflow_surrounded_room,
          makhleb_heckhound_becter, minmay_temple_entry_glassed_door,
          minmay_circle_x
D:5:      layout_loops_ring, minmay_misc_feat_nine_boxes,
          nicolae_underground_beach, uniq_sigmund, uniq_crazy_yiuf_cottage,
          uniq_eustachio
D:6:      layout_basic
D:7:      layout_basic, mainiacjoe_overflow_six_doors_small
D:8:      layout_rooms, gammafunk_temple_overflow_statue
D:9:      layout_big_octagon, minmay_lair_entry_grove, serial_shops,
          nicolae_lakefront_shop
D:10:     layout_irregular_city
D:11:     layout_rooms, orc_0_dummy, uniq_gastronok
D:12:     layout_gridville, kennysheep_minor_cross
D:13:     layout_loops_ring, grunt_vaults_entry_tiered, serial_co_window_serial,
          co_window_corner_a, co_window_corner_a, co_window_paths_b,
          co_window_corner_a, co_window_corner_a, co_window_unsneaky_path_d,
          co_window_unsneaky_path_b, co_window_2corner, co_window_cross_3,
          glass_columns_c, glass_columns_a, glass_columns_a, glass_columns_b,
          kennysheep_generic_room_14
D:14:     layout_rooms, grunt_decor_fettered
D:15:     grunt_enter_depths_giant_problem, layout_long_grid,
          nicolae_tso_carved_into_rock, hangedman_glass_teeth,
          nicolae_transporter_circle, uniq_agnes, uniq_jorgrun, uniq_josephine
Temple:   nicolae_temple_bog_church
Lair:1:   wad_woods_structure_01, layout_cave_shapes, beast_lair_carwin_11
Lair:2:   layout_layer_cave, nicolae_spider_entry_orb_guardian,
          beast_lair_carwin_1
Lair:3:   layout_loops_ring, minmay_shoals_entry_hut, ebering_ghost_inner_flame,
          chequers_serial_rivers_small_3, minivault_23,
          grunt_forest_small_clearing_treed, infiniplex_staircase_pool
Lair:4:   layout_regular_city, lemuel_fruit_tree, grunt_megastairs_3,
          lemuel_fruit_fields, lemuel_fruit_fields, uniq_nessos
Lair:5:   minmay_lair_end_frog_pond, layout_layer_cave,
          nicolae_slime_entry_field_trip, gauntlet_entry_generic,
          minmay_lindwurm_lava
Orc:1:    minmay_goldmine, layout_caves, uniq_erica
Orc:2:    st_orc_pillars, layout_caves, uniq_sonja

Skill      XL: |  1  2  3  4  5  6  7  8  9 10 11 12 13 14 15 |
---------------+----------------------------------------------+-----
Summonings     | 1 2 3 4 5 6 7 8 10 11 12 13 | 13.5
Stealth        | 3 |  3.0
Dodging        | 3 4 5 6 7 8 10 11 13 14 | 14.9
Fighting       | 1 2 3 4 5 6 7 9 10 | 10.6
Ice Magic      | 5 6 7 8 9 11 12 | 12.1
Spellcasting   | 4 5 6 8 9 10 12 13 | 13.1
Armour         | 1 2 3 4 5 |  5.0
Invocations    | 2 3 5 6 8 9 10 | 10.0
Poison Magic   | 2 4 6 8 |  8.0

Action                   |  1- 3 |  4- 6 |  7- 9 | 10-12 | 13-15 || total
-------------------------+-------+-------+-------+-------+-------++-------
Melee: Dagger            |     5 |       |       |       |       ||     5
       Whip              |    53 |    95 |   163 |   254 |   545 ||  1110
       Punch             |     1 |     2 |     3 |     4 |     7 ||    17
Throw: Dart              |       |     3 |       |     6 |     1 ||    10
 Cast: Freeze            |    22 |    28 |    42 |    15 |       ||   107
       Frozen Ramparts   |     1 |     7 |    28 |    61 |   124 ||   221
       Ozocubu's Armour  |     1 |     2 |    20 |    51 |    86 ||   160
       Summon Ice Beast  |       |       |     1 |    31 |    49 ||    81
       Olgreb's Toxic Ra |       |       |       |    22 |    77 ||    99
       Summon Cactus Gia |       |       |       |       |    57 ||    57
       Ensorcelled Hiber |       |       |       |       |     1 ||     1
Evoke: Wand              |       |       |       |    10 |     5 ||    15
  Use: Scroll            |     3 |       |    13 |    14 |    12 ||    42
       Potion            |       |       |     1 |     1 |     6 ||     8
 Stab: Sleeping          |     6 |     3 |     1 |     1 |     1 ||    12
       Distracted        |       |       |       |     1 |     2 ||     3
       Petrified         |       |       |       |       |     1 ||     1
Armor: Robe              |    15 |    43 |    57 |       |       ||   115
       Steam dragon scal |       |       |    13 |   134 |   154 ||   301
       Leather armour    |       |       |       |       |   132 ||   132
Dodge: Dodged            |    43 |    87 |   155 |   273 |   703 ||  1261

Table legend: (Time is in decaauts)
 A = Elapsed time spent in this place.
 B = Non-inter-level travel time spent in this place.
 C = Inter-level travel time spent in this place.
 D = Time resting spent in this place.
 E = Time spent auto-exploring this place.
 F = Levels seen in this place.
 G = Mean time per level.
                   A        B        C        D        E       F      G
               +--------+--------+--------+--------+--------+-----+--------+
         Total |  29704 |  28373 |   1331 |   8826 |  12219 |  24 | 1237.7 |
       Dungeon |  16638 |  15787 |    851 |   4477 |   7459 |  15 | 1109.2 |
        Temple |    181 |     94 |     87 |      0 |     81 |   1 |  181.0 |
          Lair |   9750 |   9438 |    312 |   3186 |   3955 |   5 | 1950.0 |
  Orcish Mines |   2545 |   2464 |     81 |    966 |    724 |   2 | 1272.5 |
      Gauntlet |    589 |    589 |      0 |    197 |      0 |   1 |  589.0 |
               +--------+--------+--------+--------+--------+-----+--------+

Top non-repeatable levels by time:
    D:13: 2476 daAuts
  Lair:4: 2423 daAuts
  Lair:5: 2125 daAuts
  Lair:2: 1987 daAuts
  Lair:1: 1711 daAuts
  Lair:3: 1502 daAuts
   Orc:2: 1498 daAuts
     D:4: 1334 daAuts
     D:5: 1261 daAuts
    D:10: 1238 daAuts
     D:2: 1122 daAuts
     D:1: 1117 daAuts
    D:12: 1069 daAuts
    D:14: 1057 daAuts
   Orc:1: 1046 daAuts
